 Dungeon Crawl Stone Soup version 0.31-a0-702-gf82c85558f (webtiles) character file.

Game seed: 3086521795926989000

51 qw the Shooter (level 3, 0/22 HPs)
             Began as a Gargoyle Hunter on Sept 8, 2023.
             Slain by a gnoll
             ... wielding a +0 flail
              (5 damage)
             ... on level 2 of the Dungeon.
             The game lasted 00:00:26 (774 turns).

qw the Shooter (Gargoyle Hunter)                     Turns: 774, Time: 00:00:27

Health: 0/22       AC:  8    Str: 14    XL:     3   Next: 81%
Magic:  0/3        EV: 10    Int:  9    God:
Gold:   125        SH:  0    Dex: 15    Spells: 2/2 levels left

rFire   . . .        Y - +1 shortbow
rCold   . . .        (shield currently unavailable)
rNeg    + . .        j - +0 ring mail
rPois   inf          (no helmet)
rElec   +            (no cloak)
rCorr   .            (no gloves)
SInv    .            (no boots)
Will    .....        d - amulet of guardian spirit
Stlth   +            (no ring)
HPRegen 0.23/turn    (no ring)
MPRegen 0.08/turn

%: guardian spirit
@: about to teleport
A: sickness immunity, AC +3, negative energy resistance 1, electricity
resistance, torment resistance 1, petrification resistance
a: no special abilities


You were on level 2 of the Dungeon.
You visited 1 branch of the dungeon, and saw 2 of its levels.

You collected 125 gold pieces.


Innate Abilities, Weirdness & Mutations

You are immune to sickness and miasma.
Your stone body is resilient. (AC +3)
You are immune to poison.
You resist negative energy. (rN+)
You are resistant to electric shocks. (rElec)
You are resistant to unholy torment.
You are immune to petrification.


   Skills:
 + Level 2.7 Fighting
 - Level 5.0 Ranged Weapons
 - Level 1.0 Armour
 - Level 1.5 Dodging
 - Level 1.1 Stealth


You had 2 spell levels left.
You didn't know any spells.
Your spell library was empty.

Inventory:

Hand Weapons
 Y - a +1 shortbow (weapon)
Armour
 j - a +0 ring mail (worn)
Jewellery
 d - an amulet of guardian spirit (around neck)
Scrolls
 a - a scroll of identify
 c - a scroll of brand weapon {unknown}
Potions
 b - a potion of degeneration {unknown}
 e - 2 potions of curing

Dungeon Overview and Level Annotations

Branches:
Dungeon (2/15)

Altars:


Message History

The jackal is almost dead.
The jackal barely misses you.
You shoot an arrow. The arrow barely misses the jackal.
The arrow hits the jackal.
The jackal is lightly wounded.
The jackal closely misses you.
The jackal bites you but does no damage.
You shoot an arrow. The arrow closely misses the jackal. x2
The jackal closely misses you. The gnoll closely misses you.
The jackal bites you but does no damage.
You shoot an arrow. The arrow barely misses the jackal. x2
You hear an angry hiss.
The gnoll barely misses you. The jackal closely misses you.
The gnoll closely misses you. The gnoll hits you but does no damage.
You shoot an arrow. The arrow hits the jackal.
You kill the jackal!
The jackal bites you but does no damage.
An adder comes into view.
The gnoll barely misses you. The gnoll hits you but does no damage.
Enter note:
771 |||
Found retreat position at -1,0 (jackal; floor) with 0 blocking monsters and 2 monsters attacking at destination at distance 1
Enter note: You shoot an arrow.
The arrow hits the jackal.
You kill the jackal!
The gnoll hits you with a +0 flail. The gnoll misses you.
772 |||
Found retreat position at -1,0 (floor) with 0 blocking monsters and 2 monsters attacking at destination at distance 1
772 ||| Stepping ~*~*~tactically~*~*~ (retreating).
Found 3 scrolls of enchant weapon.
The gnoll attacks as it pursues you! The gnoll hits you with a +0 flail.
Things that are here:
14 gold pieces; a jackal corpse; a jackal corpse You shoot an arrow.
The arrow hits the gnoll!
The gnoll is heavily wounded.
The gnoll barely misses you. The gnoll hits you with a +0 flail.
The gnoll hits you but does no damage.
774 ||| READING scroll of teleportation.
As you read the scroll of teleportation, it crumbles to dust.
You feel strangely unstable. The gnoll hits you with a +0 flail.
You die...

... #..# ...
#.## ...
####.##### <..
#####....(...#
...
.............#
##
####........#
...
##........#
#..
####S........#
#.@gg#.#######
.......####.#
?..#### #.# #
#.# ... ...
...


You could see 2 gnolls and an adder.

Vanquished Creatures
  A worm (D:2)
  2 dart slugs (D:2)
  4 endoplasms
  3 goblins
  3 hobgoblins
  8 jackals (D:2)
  2 quokkas (D:2)
  7 ball pythons
  3 bats (D:1)
  A frilled lizard (D:1)
  2 kobolds (D:1)
  3 rats
39 creatures vanquished.

Notes
Turn   | Place    | Note
-------+----------+-------------------------------------------
     0 | D:1      | qw the Gargoyle Hunter began the quest for the Orb.
     0 | D:1      | Reached XP level 1. HP: 12/12 MP: 1/1
     0 | D:1      | 0 ||| qw: Version: 0.3-a-76-g4403597
     0 | D:1      | 0 ||| qw: Game counter: 962
     0 | D:1      | 0 ||| qw: Melee chars always use a shield: true
     0 | D:1      | 0 ||| qw: God list: Okawaru
     0 | D:1      | 0 ||| qw: Allow faded altars: false
     0 | D:1      | 0 ||| qw: Do Orc after clearing Dungeon:15 true
     0 | D:1      | 0 ||| qw: Do second Lair branch before Depths: true
     0 | D:1      | 0 ||| qw: Lair rune preference: random
     0 | D:1      | 0 ||| qw: Goals: Normal
     0 | D:1      | 0 ||| PLANNING D:1-11
   125 | D:1      | Reached XP level 2. HP: 17/17 MP: 2/2
   501 | D:1      | 501 ||| UPGRADING to +0 ring mail.
   511 | D:1      | 511 ||| DROPPING +0 leather armour.
   512 | D:1      | 512 ||| UPGRADING to amulet of guardian spirit.
   517 | D:1      | 517 ||| READING 2 scrolls labelled KALUGELYIG.
   518 | D:1      | 518 ||| READING scroll labelled NIALAN XOUHIRI.
   519 | D:1      | 519 ||| READING scroll labelled RUKOAR LOCYSE.
   533 | D:1      | 533 ||| READING 2 scrolls labelled RAICZEERAL.
   537 | D:1      | 537 ||| DRINKING 3 inky potions.
   538 | D:1      | 538 ||| DROPPING scroll of butterflies.
   568 | D:2      | Reached skill level 1 in Armour
   568 | D:2      | Reached XP level 3. HP: 21/21 MP: 3/3
   644 | D:2      | Reached skill level 5 in Ranged Weapons
   772 | D:2      | 772 ||| Stepping ~*~*~tactically~*~*~ (retreating).
   773 | D:2      | HP: 4/22 [gnoll/+0 flail (3)]
   774 | D:2      | 774 ||| READING scroll of teleportation.
   774 | D:2      | Slain by a gnoll

Levels and vault maps discovered:
D:1:      dpeg_arrival_shrine, layout_basic
D:2:      layout_rooms, basic_altar

Skill      XL: |  1  2  3 |
---------------+----------+-----
Armour         | 1 |  1.0
Ranged Weapons | 5 |  5.0
Fighting       | |  2.7
Dodging        | |  1.5
Stealth        | |  1.1

Action                     || total
---------------------------++-------
   Fire: Shortbow          ||   111
    Use: Scroll            ||     5
         Potion            ||     1
 Armour: Leather armour    ||    13
         Ring mail         ||    29
  Dodge: Dodged            ||    36

Table legend:
 A = Non-vault XP
 B = Vault XP
 C = Vault XP percentage of total XP
 D = Non-vault monster count
 E = Vault monster count
 F = Vault count percentage of total count
                 A         B        C        D         E       F
            +---------+---------+-------+---------+---------+-------
      Total |      73 |       0 |   0.0 |      39 |       0 |   0.0
            +---------+---------+-------+---------+---------+-------
        D:1 |      29 |       0 |   0.0 |      20 |       0 |   0.0
        D:2 |      44 |       0 |   0.0 |      19 |       0 |   0.0
            +---------+---------+-------+---------+---------+-------
